 Dungeon Crawl Stone Soup version 0.31-a0-743-g45f7035092 (webtiles) character file.

Game seed: 11240905366809950461

21 cforsyth the Trooper (level 3, -3/30 HPs)
             Began as a Djinni Chaos Knight on Sept 12, 2023.
             Was a Plaything of Xom.
             Engulfed by a cloud of flame (4 damage)
             ... on level 1 of the Dungeon.
             The game lasted 00:01:37 (992 turns).

cforsyth the Trooper (Djinni Chaos Knight)           Turns: 992, Time: 00:01:38

Health: -3/30      AC:  5    Str: 11    XL:     3   Next: 5%
Gold:   57         EV: 11    Int: 15    God:    Xom [....*.] SH:  0 Dex: 12

rFire   + + .        a - +0 falchion (chaos)
rCold   x . .        (no shield)
rNeg    . . .        b - +2 leather armour
rPois   ∞            (no helmet)
rElec   .            (no cloak)
rCorr   .            (no gloves)
SInv    .            (boots unavailable)
Will    .....        (no amulet)
Stlth   +            (no ring)
HPRegen 0.25/turn    (no ring)
MPRegen 0.00/turn

%: infuse magic (-4 HP)
@: flying
A: sickness immunity, fire resistance 2, cold vulnerability 1, float, innate
caster, HP casting, extra vitality 1
a: Renounce Religion


You were on level 1 of the Dungeon.
You worshipped Xom.
You were a beloved toy of Xom.
You visited 1 branch of the dungeon, and saw 1 of its levels.

You collected 57 gold pieces.

Inventory:

Hand Weapons
 a - a +0 falchion of chaos (weapon)
Armour
 b - a +2 leather armour (worn)
Scrolls
 c - 2 scrolls of butterflies
 e - 5 scrolls of blinking {unknown}
 g - 3 scrolls of identify {unknown}
 h - a scroll of fear {unknown}
Potions
 d - 2 potions of mutation {unknown}
 f - a potion of curing {unknown}


   Skills:
 + Level 3.4 Fighting
 - Level 2.6 Long Blades
 - Level 1.0 Armour
 - Level 2.1 Dodging
 + Level 1.0 Spellcasting
 + Level 1.0 Conjurations
 + Level 1.0 Hexes
   Level 0.0 Charms
 + Level 1.0 Summonings
 + Level 1.0 Necromancy
 + Level 1.0 Translocations
 + Level 1.0 Transmutations
 + Level 1.0 Fire Magic
 + Level 1.0 Ice Magic
 + Level 1.0 Air Magic
 + Level 1.0 Earth Magic
 + Level 1.0 Poison Magic


You knew the following spells:

 Your Spells              Type           Power      Damage    Failure   Level
a - Slow                  Hex            12%        N/A       22%         1
Your spell library was empty.

Dungeon Overview and Level Annotations

Branches:
Dungeon (1/15)

Altars:
Xom


Innate Abilities, Weirdness & Mutations

You are immune to sickness and miasma.
You are immune to poison.
Your flesh is very heat resistant. (rF++)
You are vulnerable to cold. (rC-)
You float through the air rather than walking.
You learn spells naturally, not from books.
Your magical power is your life essence.
You have superior vitality. (+4 MHP)


Message History

The frilled lizard closely misses you.
You closely miss the frilled lizard. The frilled lizard closely misses you.
You miss the frilled lizard. The frilled lizard bites you.
The frilled lizard bites you but does no damage.
You miss the frilled lizard. The frilled lizard barely misses you.
You closely miss the frilled lizard. The frilled lizard bites you.
You slash the frilled lizard!
You kill the frilled lizard!
No target in view!
No target in view!
No target in view!
No target in view!
No target in view!
HP restored.
You now have 45 gold pieces (gained 10).
You're in a travel-excluded area, stopping explore.
You're in a travel-excluded area, stopping explore.
You're in a travel-excluded area, stopping explore.
You're in a travel-excluded area, stopping explore.
You start waiting.
Done waiting.
You are engulfed in blazing flames.
You resist.
You are engulfed in blazing flames.
You resist.
You are engulfed in blazing flames.
You resist.
e - 5 scrolls labelled VOSTRE POFAU (gained 3)
Found a whip.
h - a scroll labelled MEDEIXZ WECOEXU
g - 3 scrolls labelled LUEGEBB MATUCY (gained 1)
You see here a staff of conjuration.
Okay, then.
Unknown command.
You are engulfed in blazing flames.
You resist.
You see here 12 gold pieces.
You now have 57 gold pieces (gained 12).
You are engulfed in blazing flames.
You resist.
* * * LOW HITPOINT WARNING * * *
You are engulfed in blazing flames.
You resist.
* * * LOW HITPOINT WARNING * * *
You are engulfed in blazing flames.
You resist.
You die...

#.# #☼.§# ##.......###
#.#######...#####..#####....
#.##.○§○.....§....## #####
#....§§○.....§§○..#
#..#.○.§...|.§.☼.##
#...#####...###### ##.##
#○§☼# #.# #○§§# #.# #§°@#
#.$ #...# ##. ....)## #
#######


There were no monsters in sight!

Vanquished Creatures
  3 bats (D:1)
  2 endoplasms (D:1)
  A giant cockroach (D:1)
  A goblin (D:1)
  2 hobgoblins (D:1)
  5 jackals (D:1)
  A kobold (D:1)
  A frilled lizard (D:1)
  2 rats (D:1)
18 creatures vanquished.

Notes
Turn   | Place    | Note
-------+----------+-------------------------------------------
     0 | D:1      | cforsyth the Djinni Chaos Knight began the quest for the
                  | Orb.
     0 | D:1      | Reached XP level 1. HP: 20/20 MP: 0/0
    64 | D:1      | XOM: smoke on damage
   122 | D:1      | XOM: silly message
   129 | D:1      | Reached XP level 2. HP: 14/25 MP: 0/0
   181 | D:1      | XOM: divination: detect creatures
   341 | D:1      | Reached skill level 1 in Spellcasting
   341 | D:1      | Reached skill level 1 in Conjurations
   341 | D:1      | Reached skill level 1 in Hexes
   341 | D:1      | Reached skill level 1 in Summonings
   341 | D:1      | Reached skill level 1 in Necromancy
   341 | D:1      | Reached skill level 1 in Translocations
   341 | D:1      | Reached skill level 1 in Transmutations
   341 | D:1      | Reached skill level 1 in Fire Magic
   341 | D:1      | Reached skill level 1 in Ice Magic
   341 | D:1      | Reached skill level 1 in Air Magic
   341 | D:1      | Reached skill level 1 in Earth Magic
   341 | D:1      | Reached skill level 1 in Poison Magic
   391 | D:1      | Reached XP level 3. HP: 23/30 MP: 0/0
   391 | D:1      | Learned a level 1 spell: Slow
   582 | D:1      | XOM: 6-stop teleportation journey
   616 | D:1      | XOM: cloud trail
   649 | D:1      | XOM: scenery: create altars
   991 | D:1      | HP: 1/30 [something (7)]
   992 | D:1      | Engulfed by a cloud of flame

Illustrated notes

Levels and vault maps discovered:
D:1:      dpeg_arrival_another_circle, layout_loops_ring, st_stairs_9,
          lemuel_flame_loot_1

Skill      XL: |  1  2 |
---------------+-------+-----
Spellcasting   | 1 |  1.0
Conjurations   | 1 |  1.0
Hexes          | 1 |  1.0
Summonings     | 1 |  1.0
Necromancy     | 1 |  1.0
Translocations | 1 |  1.0
Transmutations | 1 |  1.0
Fire Magic     | 1 |  1.0
Ice Magic      | 1 |  1.0
Air Magic      | 1 |  1.0
Earth Magic    | 1 |  1.0
Poison Magic   | 1 |  1.0
Fighting       | |  3.4
Long Blades    | |  2.6
Armour         | |  1.0
Dodging        | |  2.1

Action                     || total
---------------------------++-------
  Melee: Falchion          ||    60
   Stab: Sleeping          ||     1
 Armour: Leather armour    ||    62
  Dodge: Dodged            ||    51

Table legend: (Time is in decaauts)
 A = Elapsed time spent in this place.
 B = Non-inter-level travel time spent in this place.
 C = Inter-level travel time spent in this place.
 D = Time resting spent in this place.
 E = Time spent auto-exploring this place.
 F = Levels seen in this place.
 G = Mean time per level.
                   A        B        C        D        E       F      G
               +--------+--------+--------+--------+--------+-----+--------+
         Total |   1001 |   1001 |      0 |    140 |    708 |   1 | 1001.0 |
       Dungeon |   1001 |   1001 |      0 |    140 |    708 |   1 | 1001.0 |
               +--------+--------+--------+--------+--------+-----+--------+

Top non-repeatable levels by time:
     D:1: 1001 daAuts
